AoeStats
← Gabutar

Arabia

510599664Analyzed
1v1 RM · 1d ago on Oct 1, 2026· 40m 39s· 2 players
Game mode
Random Map
Map size
Tiny (2 player)
Population
200
Speed
Normal
Resources
Standard
Victory
Conquest
Starting age
Dark Age
Ending age
Imperial Age
RankedLock teamsTeams togetherTeam positionsShared explorationLock speedFull tech treeHidden civsTurbo modeCheats
Victory
Defeat
🇦🇷 Maya · Argentina
1315
+15
🇵🇪 Magyars · Peru
1297
-15
jamasud
5:55 Loom
8:45 Feudal Age
10:30 Double-Bit Axe
10:26 Horse Collar
17:51 Wheelbarrow
18:44 Town Watch
22:22 Castle Age
20:42 Gold Mining
20:59 Scale Barding Armor
21:09 Bloodlines
26:40 Fletching
30:14 Husbandry
33:06 Bow Saw
35:28 Ballistics
35:00 Guard Tower
35:27 Bodkin Arrow
37:45 Heavy Plow
38:43 Stone Mining
Gabutar
0:25 Loom
9:45 Feudal Age
12:30 Double-Bit Axe
16:01 Fletching
20:58 Castle Age
19:54 Padded Archer Armor
20:26 Gold Mining
20:59 Crossbowman
21:07 Crossbowman
21:49 Bodkin Arrow
24:31 Wheelbarrow
26:10 Ballistics
32:51 Hand Cart
35:00 Thumb Ring
39:42 Imperial Age
37:57 Town Watch
39:54 Stone Mining
39:44 Arbalester
40:36 Bracer
41:41 Chemistry
Connection lost

Rejoining the realm…

Still unreachable

The connection could not be restored.

Session expired

The server has moved on; the page needs a fresh start.